 Dungeon Crawl Stone Soup version 0.30-a0-331-g8ab09dc110 (webtiles) character file.

Game seed: 13490518781978452222

23 hikkokomori the Gusty (level 2, 0/20 HPs)
             Began as a Demigod Air Elementalist on Oct 30, 2022.
             Succumbed to an adder's poison
             ... on level 2 of the Dungeon.
             The game lasted 00:02:29 (898 turns).

hikkokomori the Gusty (Demigod Air Elementalist)     Turns: 898, Time: 00:02:30

Health: 0/20       AC:  2    Str:  9    XL:     2   Next: 54%
Magic:  0/7        EV:  9    Int: 17    God:
Gold:   0          SH:  0    Dex: 14    Spells: 2/5 levels left

rFire   . . .      SeeInvis .    d - staff of air
rCold   . . .      Faith    .    (no shield)
rNeg    . . .      Spirit   .    a - +0 robe
rPois   .          Reflect  .    (no helmet)
rElec   +          Harm     .    (no cloak)
rCorr   .          Rampage  .    (no gloves)
Will    .....                    (no boots)
Stlth   ++........               (no amulet)
HPRegen 0.23/turn                (no ring)
MPRegen 0.10/turn                (no ring)

@: lethally poisoned (0 -> -1), constricted
A: high MP 1, forlorn, divine attributes
a: no special abilities


You were on level 2 of the Dungeon.
You visited 1 branch of the dungeon, and saw 2 of its levels.

Inventory:

Armour
 a - a +0 robe (worn)
Magical Staves
 d - a staff of air (weapon)
Jewellery
 g - a ring of see invisible
Scrolls
 c - a scroll of enchant armour {unknown}
 e - a scroll of fear {unknown}
 f - a scroll of identify {unknown}
Potions
 b - a potion of magic


   Skills:
 - Level 1.7 Dodging
 - Level 1.7 Stealth
 + Level 2.1 Spellcasting
 + Level 1.5 Conjurations
 + Level 3.0 Air Magic


You had 2 spell levels left.
You knew the following spells:

 Your Spells              Type           Power      Damage    Failure   Level
a - Shock                 Conj/Air       56%        1d6       8%          1
b - Static Discharge      Conj/Air       28%        2-4/arc   11%         2

Your spell library contained the following spells:

 Spells                   Type           Power      Damage    Failure   Level
 Swiftness                Air            18%        N/A       16%         3
 Airstrike                Air            9%         2d(2-18)  47%         4


Dungeon Overview and Level Annotations

Branches:
Dungeon (2/15)

Shops:
D:1 :   D:2 (


Innate Abilities, Weirdness & Mutations

You have an increased reservoir of magic. (+10% MP)
You shall have no god before yourself.
Your divine heritage dramatically boosts your attributes as you level up.


Message History

Confirm with . or Enter, or press ? or * to list all spells.
Aiming: Shock (safe; 8% risk of failure)
Press: ? - help, Shift-Dir - straight line, p - worm You feel a surge of power!
The zap hits the adder.
The adder is heavily wounded.
The zap misses the adder.
The ball python hisses angrily.
The adder completely misses you.
Okay, then.
You hit the adder.
The adder is severely wounded.
The adder closely misses you. The adder bites you.
You are poisoned.
The adder poisons you!
Unknown command.
You barely miss the adder.
The adder is severely wounded.
You feel sick. The ball python closely misses you. The ball python grabs you.
The ball python constricts you. The adder closely misses you.
Unknown command.
You closely miss the adder.
The adder is severely wounded.
You feel sick. The adder bites you. The ball python bites you.
The ball python constricts you. The adder bites you but does no damage.
The ball python closely misses you. The ball python constricts you.
Unknown command.
You hit the adder.
The adder is almost dead.
You feel sick. The adder bites you.
* * * LOW HITPOINT WARNING * * *
The ball python barely misses you. The ball python constricts you.
* * * LOW HITPOINT WARNING * * *
Unknown command.
Casting: Shock (safe; 8% risk of failure)
Confirm with . or Enter, or press ? or * to list all spells.
Aiming: Shock (safe; 8% risk of failure)
Press: ? - help, Shift-Dir - straight line You feel a surge of power!
The zap hits the adder.
You kill the adder!
You die...

..........####
###..........# #..
+..........# #.#
###..........###.#
..............##.#
...##.........##.#
....#.........##.#
....###.....w.##S#
....# #######...@#
....# #.#### ...$#
#.#
....#########.#
#.........#
#.#########
#.#........
#####.#.##########
......#.#.........


You could see a worm and a ball python.

Vanquished Creatures
  2 adders (D:2)
  2 dart slugs (D:1)
  2 endoplasms (D:1)
  2 goblins (D:1)
  A quokka (D:1)
  A ball python (D:1)
  A rat (D:1)
11 creatures vanquished.

Notes
Turn   | Place    | Note
-------+----------+-------------------------------------------
     0 | D:1      | hikkokomori the Demigod Air Elementalist began the quest
                  | for the Orb.
     0 | D:1      | Reached XP level 1. HP: 14/14 MP: 5/5
    50 | D:1      | Reached skill level 1 in Conjurations
   274 | D:1      | Found Nuwoibic's Book Emporium.
   285 | D:1      | Reached XP level 2. HP: 15/20 MP: 0/7
   775 | D:2      | Found Veijan's Weapon Shoppe.
   783 | D:2      | Reached skill level 3 in Air Magic
   786 | D:2      | Learned a level 2 spell: Static Discharge
   897 | D:2      | HP: 1/20 [constriction (1)]
   898 | D:2      | Succumbed to an adder's poison

Illustrated notes

Levels and vault maps discovered:
D:1:      grunt_arrival_lava_bath, layout_basic, serial_shops,
          nicolae_diamond_shop
D:2:      layout_basic, basic_altar, serial_shops,
          nicolae_shop_bloodbath_and_beyond, kennysheep_generic_room_16

Skill      XL: |  1  2 |
---------------+-------+-----
Conjurations   | 1 |  1.5
Spellcasting   | 2 |  2.1
Air Magic      | 3 |  3.0
Dodging        | |  1.7
Stealth        | |  1.7

Action                   || total
-------------------------++-------
Melee: Unarmed           ||     6
       Staff             ||     9
 Cast: Shock             ||    37
  Use: Potion            ||     1
Armor: Robe              ||     6
Dodge: Dodged            ||    22

Table legend: (Time is in decaauts)
 A = Elapsed time spent in this place.
 B = Non-inter-level travel time spent in this place.
 C = Inter-level travel time spent in this place.
 D = Time resting spent in this place.
 E = Time spent auto-exploring this place.
 F = Levels seen in this place.
 G = Mean time per level.
                   A        B        C        D        E       F      G
               +--------+--------+--------+--------+--------+-----+--------+
         Total |    899 |    858 |     41 |      0 |    730 |   2 |  449.5 |
       Dungeon |    899 |    858 |     41 |      0 |    730 |   2 |  449.5 |
               +--------+--------+--------+--------+--------+-----+--------+

Top non-repeatable levels by time:
     D:1: 725 daAuts
     D:2: 173 daAuts
